 Dungeon Crawl Stone Soup version 0.24-a0-184-gcb5ae2c (webtiles) character file.

Game seed: 11817744817861758832

22481 Dfrag the Destroyer (level 12, -21/74 HPs)
             Began as a Demonspawn Fire Elementalist on Mar 15, 2019.
             Was an Elder of Vehumet.
             Killed from afar by an ice statue (25 damage)
             ... with a bolt of cold
             ... in an ice cave.
             The game lasted 00:32:11 (17054 turns).

Dfrag the Destroyer (Demonspawn Fire Elementalist) Turns: 17054, Time: 00:32:12

Health: -21/74     AC: 10    Str: 13    XL:     12   Next: 63%
Magic:  0/27       EV: 19    Int: 20    God:    Vehumet [****..]
Gold:   936        SH:  0    Dex: 21    Spells: 15/33 levels left

rFire    x . .     SeeInvis .   y - +5 mace of Extremism {flame, rF- Str+5 Dex+6}
rCold    . . .     Gourm    .   (no shield)
rNeg     . . .     Faith    .   C - +2 robe {Archmagi}
rPois    .         Spirit   +   (helmet restricted)
rElec    .         Reflect  .   (no cloak)
rCorr    .         Harm     .   (no gloves)
MR       .....                  x - +3 pair of boots of Trog's Delight {Stlth+}
Stlth    +++++.....             (no amulet)
HPRegen  0.22/turn              H - +6 ring of evasion
MPRegen  0.20/turn              B - +3 ring of intelligence

@: no status effects
A: horns 2, yellow scales 1, dopey 2, nightstalker 2, magic shield
a: Renounce Religion


You were in an ice cave.
You worshipped Vehumet.
Vehumet was greatly pleased with you.
You were hungry.

You visited 3 branches of the dungeon, and saw 15 of its levels.
You also visited: Sewer, Bailey and Ice Cave.

You collected 936 gold pieces.

Inventory:

Hand Weapons
 j - a +2 dagger of speed
 k - a +0 club
 q - a +4 flail of draining
 y - the +5 mace of Extremism (weapon) {flame, rF- Str+5 Dex+6}
   (You found it on level 6 of the Dungeon)

   It has been specially enchanted to burn those struck by it, causing extra
   injury to most foes and up to half again as much damage against particularly
   susceptible opponents.
   It affects your strength (+5).
   It affects your dexterity (+6).
   It makes you vulnerable to fire.
Armour
 i - +2 fire dragon scales
 x - the +3 pair of boots of Trog's Delight (worn) {Stlth+}
   (You found it on level 1 of the Lair of Beasts)

   It makes you more stealthy.
 C - a +2 robe of the Archmagi (worn)
Jewellery
 B - a +3 ring of intelligence (right hand)
 H - a +6 ring of evasion (left hand)
Wands
 z - a wand of acid (8)
Scrolls
 a - 2 scrolls of enchant armour
 e - 9 scrolls of remove curse
 f - 4 scrolls of fog
 l - 6 scrolls of teleportation
 p - 5 scrolls of random uselessness
 r - 3 scrolls of blinking
 s - 3 scrolls of magic mapping
 v - 4 scrolls of amnesia
 w - 2 scrolls of identify
 D - 3 scrolls of immolation
 G - a scroll of torment
 I - a scroll of enchant weapon
Potions
 b - 3 potions of heal wounds
 d - 2 potions of degeneration
 g - 2 potions of magic
 h - 2 potions of haste
 m - 6 potions of agility
 o - 3 potions of brilliance
 t - 4 potions of might
 u - 3 potions of flight
 A - 5 potions of curing
 E - a potion of resistance
 F - a potion of lignification
Comestibles
 c - 20 rations
 n - 9 chunks of flesh


   Skills:
 - Level 1.7 Dodging
 - Level 1.7 Stealth
 + Level 11.4 Spellcasting
 + Level 12.2 Conjurations
 + Level 11.6 Fire Magic


You had 15 spell levels left.
You knew the following spells:

 Your Spells              Type           Power        Failure   Level  Hunger
a - Flame Tongue          Conj/Fire      #####        1%          1    None
b - Searing Ray           Conj           ######       1%          2    None
c - Sticky Flame          Conj/Fire      ######..     1%          4    ##.....
d - Fireball              Conj/Fire      ######....   1%          5    ####...
e - Conjure Flame         Conj/Fire      ######..     1%          3    None
f - Mephitic Cloud        Conj/Pois/Air  #####...     1%          3    None

Your spell library contained the following spells:

 Spells                   Type           Power        Failure   Level  Hunger
 Conjure Ball Lightning   Conj/Air       ######....   19%         6    ######.
 Freeze                   Ice            ###.         1%          1    None
 Magic Dart               Conj           ####         1%          1    None
 Throw Flame              Conj/Fire      ######       1%          2    None
 Throw Frost              Conj/Ice       ######       1%          2    None
 Inner Flame              Hex/Fire       ######..     1%          3    None
 Throw Icicle             Conj/Ice       ######..     1%          4    ##.....
 Confusing Touch          Hex            ###...       6%          1    None
 Blink                    Tloc           N/A          9%          2    None
 Call Imp                 Summ           ###.....     9%          2    None
 Slow                     Hex            ###.....     9%          2    None
 Confuse                  Hex            ###.....     19%         3    None
 Gell's Gravitas          Tloc           ###.......   19%         3    None
 Ozocubu's Armour         Chrm/Ice       ###.....     19%         3    None
 Yara's Violent Unravell  Hex/Tmut       ###.......   38%         5    ####...
 Petrify                  Tmut/Erth      ###.....     52%         4    ##.....
 Summon Ice Beast         Ice/Summ       ###.....     52%         4    ##.....
 Metabolic Englaciation   Hex/Ice        ###.......   86%         5    ####...


Dungeon Overview and Level Annotations

Branches:
Dungeon (12/15)            Temple (1/1) D:7            Lair (2/6) D:9
    Orc (0/2) D:12
  Swamp: Lair:2-4    Shoals: Lair:2-4     Snake: Lair:2-4    Spider: Lair:2-4

Altars:
Ashenzari
Cheibriados
Elyvilon
Fedhas
Gozag
Kikubaaqudgha
Makhleb
Nemelex Xobeh
Okawaru
Qazlal
Ru
Sif Muna
Vehumet
Wu Jian
Xom
The Shining One

Shops:
D:5 [

Annotations:
Lair:2 Harold IceCv exclusion: ice statue


Innate Abilities, Weirdness & Mutations

You have a pair of horns on your head.
You are partially covered in yellow scales. (AC +2)
You are significantly more attuned to the shadows.
When hurt, damage is shared between your health and your magic reserves.
You are very dopey. (Int -4)


Message History

You feel a surge of power!
The fireball explodes!
The fireball engulfs the ice statue!!
The ice statue melts!
The ice statue is almost destroyed.
You are feeling hungry.
The ice statue gestures at you. The freezing blast engulfs you!
Unknown command.
Unknown command.
Casting: Fireball (safe; 1% risk of failure)
Confirm with . or Enter, or press ? or * to list all spells.
You don't have enough magic to cast that spell.
Unknown command.
Unknown command.
You are engulfed in freezing vapours.
* * * LOW HITPOINT WARNING * * *
You are engulfed in freezing vapours.
* * * LOW HITPOINT WARNING * * *
The ice statue gestures at you. The bolt of cold hits you!!
You die...

###...## ##......#
##...##..# ###.
###...##...#
...####...####..##
.8.##..÷####..#####
#...##..###..#.##.#
#..# #..##..≈.#..#.
#.@####☼.##..##.#.#
##○○#☼§...##..##.#.
##☼○☼☼#.####..####
######## ##.##
#.†## ##..÷# #...##
##...# #.÷.#


You could see an ice statue.

Vanquished Creatures
  2 hydras
  A tengu warrior (D:10)
  A two-headed ogre (D:10)
  An unseen horror (D:11)
  4 orc knights (Bailey)
  The ghost of nomicflux the Thaumaturge, a novice DEWz of Sif Muna (D:10)
  A manticore (D:12)
  A centaur zombie (D:11)
  A gargoyle (D:11)
  A kobold demonologist (D:11)
  A spiny frog (D:9)
  2 ice devils (Lair:2)
  A troll (D:10)
  3 hornets
  3 polar bears (IceCv)
  Prince Ribbit (D:6)
  5 slime creatures
  3 hippogriffs
  A shadow (D:9)
  3 wyverns
  A water elemental (D:12)
  9 yaks
  2 hungry ghosts
  A basilisk (Lair:1)
  2 steam dragons (D:10)
  Menkaure (D:6)
  Edmund (D:6)
  A water moccasin (D:10)
  10 porcupines
  4 sky beasts
  3 black bears
  10 orc warriors
  5 ice beasts
  7 phantoms
  4 ogres
  8 wolves
  3 centaurs
  3 crocodiles
  2 big kobolds
  11 bullfrogs
  3 wyvern zombies
  4 scorpions
  10 wights (D:10)
  3 howler monkeys
  2 electric eels (D:12)
  4 crimson imps
  A quasit (D:10)
  4 jellies
  2 bullfrog zombies
  7 hounds
  8 orc priests
  3 centaur skeletons
  12 orc wizards
  4 bullfrog skeletons
  Ijyb (D:3)
  6 iguanas
  7 worker ants
  A hound skeleton (D:3)
  A howler monkey zombie (D:5)
  A worker ant zombie (D:8)
  4 gnolls (D:3)
  21 adders
  4 river rats
  2 shadow imps
  8 oozes
  3 adder zombies
  6 adder skeletons
  5 worms
  A dart slug (D:2)
  9 leopard geckos
  68 orcs
  2 bats
  7 giant cockroaches
  9 goblins
  6 hobgoblins
  17 jackals
  2 quokkas
  9 ball pythons (Sewer)
  10 frilled lizards
  A jackal zombie (D:7)
  16 kobolds
  A leopard gecko skeleton (D:5)
  A quokka skeleton (D:6)
  A quokka zombie (D:4)
  28 rats
  2 fungi (D:9)
  A plant (D:9)
453 creatures vanquished.

Vanquished Creatures (others)
  A polar bear (IceCv)
  A yak (IceCv)
  2 wolves (IceCv)
  7 fungi (D:9)
  2 plants (D:10)
13 creatures vanquished.

Grand Total: 466 creatures vanquished

Notes
Turn   | Place    | Note
-------+----------+-------------------------------------------
     0 | D:1      | Dfrag the Demonspawn Fire Elementalist began the quest for
                  | the Orb.
     0 | D:1      | Reached XP level 1. HP: 13/13 MP: 3/3
   488 | D:1      | Gained mutation: When hurt, damage is shared between your
                  | health and your magic reserves. [demonic ancestry]
   488 | D:1      | Reached XP level 2. HP: 15/19 MP: 3/5
   972 | D:2      | Gained mutation: You are partially covered in yellow
                  | scales. (AC +2) [demonic ancestry]
   972 | D:2      | Reached XP level 3. HP: 14/24 MP: 0/6
  1106 | D:2      | Reached skill level 2 in Conjurations
  1646 | D:2      | Gained mutation: You have a pair of small horns on your
                  | head. [demonic ancestry]
  1646 | D:2      | Reached XP level 4. HP: 13/30 MP: 0/8
  1798 | D:2      | Found a burning altar of Makhleb.
  2157 | D:3      | Noticed Ijyb
  2174 | D:3      | Gained mutation: You are slightly more attuned to the
                  | shadows. [demonic ancestry]
  2174 | D:3      | Reached XP level 5. HP: 35/35 MP: 3/9
  2395 | D:3      | Learned a level 3 spell: Conjure Flame
  2400 | D:3      | Learned a level 4 spell: Sticky Flame
  2471 | D:3      | Reached skill level 3 in Conjurations
  2587 | D:3      | Killed Ijyb
  3104 | D:3      | Reached XP level 6. HP: 36/41 MP: 3/11
  3394 | D:4      | You fall through a shaft!
  3394 | D:5      | Entered Level 5 of the Dungeon
  3492 | D:5      | Reached skill level 4 in Conjurations
  3585 | D:5      | Found Jelell's Armour Shoppe.
  3621 | D:5      | Gained mutation: You are significantly more attuned to the
                  | shadows. [demonic ancestry]
  3621 | D:5      | Reached XP level 7. HP: 42/46 MP: 3/13
  3628 | D:5      | Found a shattered altar of Ashenzari.
  3818 | D:5      | Reached skill level 5 in Fire Magic
  3833 | D:5      | Found a glowing drain.
  3837 | Sewer    | Entered a sewer
  4353 | Sewer    | HP: 1/46 [adder (3)]
  4353 | Sewer    | Reached skill level 5 in Spellcasting
  4353 | Sewer    | Reached skill level 5 in Conjurations
  4901 | D:4      | Reached XP level 8. HP: 17/52 MP: 0/15
  5110 | D:4      | Found an ancient bone altar of Kikubaaqudgha.
  6211 | D:5      | Reached skill level 6 in Conjurations
  6218 | D:5      | Learned a level 5 spell: Fireball
  6385 | D:6      | Noticed Edmund
  6397 | D:6      | Killed Edmund
  6626 | D:6      | Noticed Prince Ribbit
  6638 | D:6      | Killed Prince Ribbit
  6693 | D:6      | Noticed Menkaure
  6697 | D:6      | Killed Menkaure
  6697 | D:6      | Reached XP level 9. HP: 36/57 MP: 7/18
  6950 | D:6      | Reached skill level 7 in Conjurations
  7036 | D:6      | Found a shimmering altar of Xom.
  7046 | D:6      | Got a slimy mace
  7050 | D:6      | Identified the +5 mace of Extremism {flame, rF- Str+5
                  | Dex+6} (You found it on level 6 of the Dungeon)
  7485 | D:6      | Found a stormy altar of Qazlal.
  7486 | D:6      | Found an iron altar of Okawaru.
  7871 | D:7      | Found a staircase to the Ecumenical Temple.
  8005 | Temple   | Entered the Ecumenical Temple
  8029 | Temple   | Became a worshipper of Vehumet
  8195 | D:7      | Reached skill level 8 in Conjurations
  8678 | D:8      | Reached XP level 10. HP: 53/63 MP: 10/21
  8718 | D:8      | Found a flagged portal.
  8793 | Bailey   | Entered a bailey
  8993 | Bailey   | Reached * piety under Vehumet
  8993 | Bailey   | Offered knowledge of Sandblast by Vehumet.
  9069 | Bailey   | Noticed an orc knight
  9175 | Bailey   | Noticed an orc knight
  9176 | Bailey   | Noticed an orc knight
  9177 | Bailey   | Noticed an orc knight
  9261 | Bailey   | Killed an orc knight
  9423 | Bailey   | Killed an orc knight
  9809 | Bailey   | Killed an orc knight
  9809 | Bailey   | Reached skill level 9 in Conjurations
  9822 | Bailey   | Killed an orc knight
 10894 | D:9      | Found a staircase to the Lair.
 11129 | D:9      | Reached ** piety under Vehumet
 11208 | D:9      | Offered knowledge of Searing Ray by Vehumet.
 11212 | D:9      | Learned a level 2 spell: Searing Ray
 11264 | D:9      | Gained mutation: You have a pair of horns on your head.
                  | [demonic ancestry]
 11264 | D:9      | Reached XP level 11. HP: 68/68 MP: 12/24
 11615 | D:9      | Reached skill level 10 in Conjurations
 11785 | D:10     | Entered Level 10 of the Dungeon
 11811 | D:10     | Found a glowing golden altar of the Shining One.
 11813 | D:10     | Noticed a tengu warrior
 11823 | D:10     | Killed a tengu warrior
 11959 | D:10     | Offered knowledge of Mephitic Cloud by Vehumet.
 12162 | D:10     | Found a runed translucent gate.
 12162 | D:10     | Found a runed translucent gate.
 12162 | D:10     | Found a runed translucent gate.
 12164 | D:10     | Noticed a 12-headed hydra
 12165 | D:10     | Noticed nomicflux's ghost (novice DEWz)
 12233 | D:10     | Reached *** piety under Vehumet
 12352 | D:10     | Reached skill level 10 in Fire Magic
 12426 | D:10     | Noticed a two-headed ogre
 12429 | D:10     | Killed a two-headed ogre
 12526 | D:10     | Reached skill level 10 in Spellcasting
 12671 | D:10     | Learned a level 3 spell: Mephitic Cloud
 12905 | D:10     | Killed a 12-headed hydra
 12905 | D:10     | Offered knowledge of Ignite Poison by Vehumet.
 12908 | D:10     | Killed nomicflux's ghost
 13056 | D:11     | Reached skill level 11 in Conjurations
 13314 | D:11     | Noticed an unseen horror
 13319 | D:11     | Killed an unseen horror
 13405 | D:11     | Gained mutation: You are dopey. (Int -2) [a neqoxec]
 13406 | D:11     | Gained mutation: You are very dopey. (Int -4) [a neqoxec]
 13727 | D:11     | Found an opulent altar of Gozag.
 13775 | D:11     | Reached **** piety under Vehumet
 13793 | D:11     | Reached XP level 12. HP: 59/74 MP: 7/26
 14539 | D:12     | Offered knowledge of Olgreb's Toxic Radiance by Vehumet.
 15110 | D:12     | Reached ***** piety under Vehumet
 15236 | D:12     | Offered knowledge of Conjure Ball Lightning by Vehumet.
 15304 | D:12     | Found a staircase to the Orcish Mines.
 15491 | Lair:1   | Entered Level 1 of the Lair of Beasts
 16089 | Lair:1   | Noticed a seven-headed hydra
 16106 | Lair:1   | Killed a seven-headed hydra
 16106 | Lair:1   | Reached skill level 12 in Conjurations
 16298 | Lair:1   | Got a pair of ancient boots
 16309 | Lair:1   | Identified the +3 pair of boots of Trog's Delight {Stlth+}
                  | (You found it on level 1 of the Lair of Beasts)
 16793 | Lair:2   | Noticed Harold
 16825 | Lair:2   | Found a frozen archway.
 16845 | IceCv    | Entered an ice cave
 17054 | IceCv    | Killed from afar by an ice statue

Levels and vault maps discovered:
D:1:      tarquinn_simple_flora_water_b, layout_basic
D:2:      layout_loops_ring, first_ration, makhleb_heckhound_becter
D:3:      layout_loops_ring, uniq_ijyb
D:4:      layout_cave_pools, kiku_gazebo_garden_becter
D:5:      layout_loops_corners, lemuel_coloured_pillars_altar, serial_shops,
          kennysheep_little_box, gup_sewer_entry_bowl
D:6:      layout_cave_pods, nicolae_overflow_hidden_temple, roderic_lattice_a,
          tgw_xom, uniq_menkaure, uniq_prince_ribbit1, uniq_edmund
D:7:      layout_basic, minmay_temple_entry_proselytizer
D:8:      layout_basic, enter_bailey_3
D:9:      lemuel_ice_spiral_2, layout_irregular_city,
          due_lair_maze_entry_diamond
D:10:     cheibrodos_steamvent, layout_irregular_city,
          gammafunk_ghost_hydra_chop, basic_altar
D:11:     layout_gridville, basic_altar, hangedman_little_slice_of_home
D:12:     layout_big_octagon, erik_orc_2, nicolae_wwwww,
          corexii_leaking_fountain, kennysheep_flooded_box
Temple:   nicolae_temple_x_marks_the_god
Lair:1:   layout_long_grid, serial_rivers, chequers_serial_rivers_micro_c,
          chequers_serial_rivers_micro_c, chequers_serial_rivers_micro_d,
          chequers_serial_rivers_micro_c, chequers_serial_rivers_small_3,
          chequers_serial_rivers_micro_c, lemuel_fruit_tree,
          infiniplex_staircase_pool_2
Lair:2:   layout_regular_city, portal_ice_cave_demonic_guard,
          serial_bayou_shore_b, uniq_harold
Sewer:    sewer_minmay_w
Bailey:   bailey_polearm_1, bailey
IceCv:    ice_cave_caverns_02

Skill      XL: |  1  2  3  4  5  6  7  8  9 10 11 12 |
---------------+-------------------------------------+-----
Fire Magic     | 3 4 5 6 8 9 10 11 | 11.6
Conjurations   | 2 3 4 5 6 8 9 11 12 | 12.2
Spellcasting   | 3 4 5 6 7 9 10 11 | 11.4
Dodging        | |  1.7
Stealth        | |  1.7

Action                   |  1- 3 |  4- 6 |  7- 9 | 10-12 || total
-------------------------+-------+-------+-------+-------++-------
Melee: Unarmed           |    31 |       |       |       ||    31
       Club              |     7 |    40 |       |       ||    47
       Dagger            |       |    16 |    66 |       ||    82
       Headbutt          |       |     8 |    16 |    41 ||    65
       Flail             |       |       |    16 |       ||    16
       Mace              |       |       |    27 |   140 ||   167
 Cast: Flame Tongue      |    70 |   106 |   209 |   316 ||   701
       Sticky Flame      |       |     3 |    29 |    71 ||   103
       Conjure Flame     |       |       |     1 |     2 ||     3
       Fireball          |       |       |       |    94 ||    94
Evoke: Wand              |       |     3 |    10 |    10 ||    23
  Use: Scroll            |     2 |     5 |     8 |     5 ||    20
       Potion            |     2 |     1 |     7 |     2 ||    12
 Stab: Sleeping          |       |     1 |     8 |     4 ||    13
       Distracted        |       |       |     1 |     1 ||     2
       Paralysed         |       |       |       |     7 ||     7
  Eat: Chunk             |     3 |     6 |    17 |    29 ||    55
       Ration            |       |       |     1 |     5 ||     6
Armor: Robe              |    14 |    28 |    73 |    86 ||   201
       Skin              |       |    20 |       |       ||    20
Dodge: Dodged            |    58 |    62 |   174 |   207 ||   501

Table legend:
 A = Non-vault XP
 B = Vault XP
 C = Vault XP percentage of total XP
 D = Non-vault monster count
 E = Vault monster count
 F = Vault count percentage of total count
                 A         B        C        D         E       F
            +---------+---------+-------+---------+---------+-------
      Total |   21902 |   10214 |  31.8 |     312 |     138 |  30.7
            +---------+---------+-------+---------+---------+-------
        D:1 |      23 |       0 |   0.0 |      13 |       0 |   0.0
        D:2 |     102 |      43 |  29.7 |      23 |       1 |   4.2
        D:3 |     196 |      36 |  15.5 |      35 |       1 |   2.8
        D:4 |     390 |       0 |   0.0 |      16 |       0 |   0.0
        D:5 |     850 |      20 |   2.3 |      26 |       4 |  13.3
        D:6 |     709 |     611 |  46.3 |      14 |       4 |  22.2
        D:7 |    1646 |      41 |   2.4 |      22 |       1 |   4.3
        D:8 |     873 |       8 |   0.9 |      13 |       4 |  23.5
        D:9 |    2301 |    1360 |  37.1 |      37 |      10 |  21.3
       D:10 |    4720 |    1907 |  28.8 |      35 |       4 |  10.3
       D:11 |    3219 |     433 |  11.9 |      26 |       9 |  25.7
       D:12 |    4655 |     803 |  14.7 |      41 |      21 |  33.9
     Lair:1 |    2069 |       0 |   0.0 |      10 |       0 |   0.0
     Lair:2 |     149 |     638 |  81.1 |       1 |       2 |  66.7
      Sewer |       0 |     342 | 100.0 |       0 |      48 | 100.0
     Bailey |       0 |    2748 | 100.0 |       0 |      21 | 100.0
      IceCv |       0 |    1224 | 100.0 |       0 |       8 | 100.0
            +---------+---------+-------+---------+---------+-------
